 Dungeon Crawl Stone Soup version 0.30-a0-223-gcb0039aa0c (webtiles) character file.

Game seed: 3807062907827312017

5736 qw the Cleaver (level 10, -1/64 HPs)
             Began as a Gargoyle Fighter on Oct 9, 2022.
             Was an Initiate of Okawaru.
             Slain by a shadow (21 damage)
             ... on level 10 of the Dungeon.
             The game lasted 00:03:11 (7486 turns).

qw the Cleaver (Gargoyle Fighter)                   Turns: 7486, Time: 00:03:12

Health: -1/64      AC: 39    Str: 25    XL:     10   Next: 77%
Magic:  10/10      EV:  7    Int:  8    God:    Okawaru [......]
Gold:   601        SH: 10    Dex:  9    Spells: 9/9 levels left

rFire   . . .      SeeInvis .    Y - +0 war axe (protect)
rCold   . . .      Faith    .    b - +0 kite shield
rNeg    + . .      Spirit   .    h - +8 chain mail "Xoilob" {Regen+}
rPois   inf        Reflect  .    i - +1 helmet
rElec   +          Harm     .    (no cloak)
rCorr   .          Rampage  .    (no gloves)
Will    .....                    p - +0 pair of boots
Stlth   ..........               (no amulet)
HPRegen 1.10/turn                a - +4 ring of protection
MPRegen 0.12/turn                (no ring)

@: under a protective aura
A: sickness immunity, AC +7, negative energy resistance 1, electricity
resistance, torment resistance 1, petrification resistance
a: Renounce Religion


You were on level 10 of the Dungeon.
You worshipped Okawaru.
Okawaru was noncommittal.
You visited 1 branch of the dungeon, and saw 10 of its levels.

You collected 640 gold pieces.
You spent 39 gold pieces at shops.


Innate Abilities, Weirdness & Mutations

You are immune to sickness and miasma.
Your stone body is resilient. (AC +7)
You are immune to poison.
You resist negative energy. (rN+)
You are resistant to electric shocks. (rElec)
You are resistant to unholy torment.
You are immune to petrification.


   Skills:
 - Level 8.0 Fighting
 - Level 10.3 Axes
 + Level 2.4 Throwing
 - Level 5.4 Armour
 - Level 1.1 Dodging
 - Level 9.0 Shields


You had 9 spell levels left.
You didn't know any spells.
Your spell library was empty.

Inventory:

Hand Weapons
 e - a +1 war axe of flaming
 Y - a +0 war axe of protection (weapon)
Missiles
 j - a javelin (quivered)
 m - 2 boomerangs
Armour
 b - a +0 kite shield (worn)
 h - the +8 chain mail "Xoilob" (worn) {Regen+}
   (You found it on level 2 of the Dungeon)

   Regen:     It increases your rate of health regeneration.
 i - a +1 helmet (worn)
 p - a +0 pair of boots (worn)
Jewellery
 a - a +4 ring of protection (left hand)
 c - a ring of fire
Scrolls
 l - 2 scrolls of identify
 r - a scroll of teleportation
Potions
 d - 3 potions of might
 f - 7 potions of curing
 k - 3 potions of mutation
 n - 3 potions of heal wounds
 o - a potion of cancellation

Dungeon Overview and Level Annotations

Branches:
Dungeon (10/15)            Temple (0/1) D:5
   Lair: D:8-11         Orc: D:9-12

Altars:
Gozag
Kikubaaqudgha
Makhleb
Okawaru
Sif Muna
Trog
Uskayaw
Vehumet

Shops:
D:2 *   D:4 [

Annotations:
D:8 3 runed translucent doors, qw's ghost, novice GrFi
D:10 1 transporter, qw's ghost, journeyman GrFi


Message History

You block the shadow's attack.
You barely miss the shadow.
The shadow is severely damaged.
You block the shadow's attack.
You hit the shadow but do no damage.
The shadow is severely damaged.
You block the shadow's attack.
You hit the shadow.
The shadow is almost destroyed.
You block the shadow's attack.
You closely miss the shadow.
The shadow is almost destroyed.
The shadow hits you.
You closely miss the shadow.
The shadow is almost destroyed.
The shadow slips into darkness.
The shadow flickers and vanishes!
Deactivating autopickup; reactivate with Ctrl-A.
You closely miss something.
The shadow strikes at you from the darkness!
Reactivating autopickup.
You barely miss the shadow.
The shadow is almost destroyed.
The shadow slips into darkness.
The shadow flickers and vanishes!
Deactivating autopickup; reactivate with Ctrl-A.
You hit something but do no damage.
Your weapon exudes an aura of protection.
The shadow strikes at you from the darkness!
Reactivating autopickup.
You closely miss the shadow.
The shadow is almost destroyed.
The shadow barely misses you.
You closely miss the shadow.
The shadow is almost destroyed.
The shadow slips into darkness.
The shadow flickers and vanishes!
Deactivating autopickup; reactivate with Ctrl-A.
The shadow strikes at you from the darkness!
You die...

### .## .Z. ..#
.. #.# .!#.#
.#.### #...#
.Z##.. .....
#Z##.###.... ##
#{##.##...# #.^
#@##.##..# ...
#.##.#...##..
#.##)#..##.#
#.##....#y.#
#....#..#o.##._
####.#..#......
#.#..##.O..# .
#.#...#..T.###.
#.##..##.oT...#


You could see 2 centaur warrior zombies.

Vanquished Creatures
  A two-headed ogre (D:9)
  Maggie (D:7)
  A troll (D:8)
  A ynoxinul (D:8)
  A wraith (D:10)
  5 yaks (D:8)
  Menkaure (D:4)
  3 black bears
  2 orc warriors
  2 ice beasts
  2 centaurs
  3 phantoms
  A kobold brigand (D:8)
  2 bullfrogs (D:6)
  A necrophage (D:6)
  A gnoll sergeant (D:6)
  A scorpion (D:6)
  15 wights
  10 killer bees (D:9)
  3 howler monkeys
  A crimson imp (D:8)
  2 hounds
  2 gnoll boudas
  5 orc priests
  An iguana (D:4)
  5 orc wizards
  Robin (D:2)
  22 gnolls
  7 adders
  A shadow imp (D:8)
  2 white imps
  An ufetubus (D:5)
  A worm (D:2)
  2 dart slugs
  28 orcs
  10 ball pythons
  3 bats
  4 endoplasms
  3 giant cockroaches
  5 hobgoblins
  6 jackals
  2 quokkas
  A frilled lizard (D:1)
  18 goblins
  8 kobolds
  3 rats
201 creatures vanquished.

Vanquished Creatures (others)
  4 toadstools (D:1)
4 creatures vanquished.

Grand Total: 205 creatures vanquished

Notes
Turn   | Place    | Note
-------+----------+-------------------------------------------
     0 | D:1      | qw the Gargoyle Fighter began the quest for the Orb.
     0 | D:1      | Reached XP level 1. HP: 14/14 MP: 1/1
     0 | D:1      | 0 ||| qw: Version: 0.2-a-17-g06abaee
     0 | D:1      | 0 ||| qw: Game counter: 2249
     0 | D:1      | 0 ||| qw: Always use a shield: true
     0 | D:1      | 0 ||| qw: God list: Okawaru
     0 | D:1      | 0 ||| qw: Allow faded altars: false
     0 | D:1      | 0 ||| qw: Do Orc after D:15 true
     0 | D:1      | 0 ||| qw: Do second Lair branch before Depths: true
     0 | D:1      | 0 ||| qw: Lair rune preference: random
     0 | D:1      | 0 ||| qw: Plans: Normal, Zot:1-4, God:TSO, Crypt, Tomb,
                  | Pan, Slime:5, Hells, Abyss, Orb
     0 | D:1      | 0 ||| PLANNING D:1-11
    41 | D:1      | Reached skill level 2 in Axes
   104 | D:1      | Reached XP level 2. HP: 18/19 MP: 2/2
   237 | D:1      | 237 ||| Stepping ~*~*~tactically~*~*~ (stealth).
   420 | D:1      | 420 ||| READING scroll labelled RYRIMI TOLARO.
   421 | D:1      | 421 ||| READING scroll labelled JOOL IWNEEL.
   422 | D:1      | 422 ||| READING scroll labelled NODOSI ZURIGI.
   423 | D:1      | 423 ||| DRINKING 2 sedimented red potions.
   439 | D:2      | Found Qugoptya's Assorted Antiques.
   443 | D:2      | 443 ||| SHOPLISTING glowing plate armour (546 gold, have
                  | 82).
   443 | D:2      | 443 ||| BUYING glowing puce potion (18 gold).
   443 | D:2      | Bought a glowing puce potion for 18 gold pieces
   443 | D:2      | 443 ||| BUYING scroll labelled FAF QOZASOONWE (21 gold).
   443 | D:2      | Bought a scroll labelled FAF QOZASOONWE for 21 gold pieces
   443 | D:2      | 443 ||| SHOPLISTING scroll of enchant armour (157 gold,
                  | have 43).
   514 | D:2      | Reached skill level 3 in Axes
   518 | D:2      | 518 ||| Stepping ~*~*~tactically~*~*~ (stealth).
   538 | D:2      | Reached XP level 3. HP: 17/23 MP: 3/3
   648 | D:2      | 648 ||| Stepping ~*~*~tactically~*~*~ (stealth).
   664 | D:2      | Identified the +8 chain mail "Xoilob" {Regen+}
   718 | D:2      | Noticed Robin
   719 | D:2      | 719 ||| Stepping ~*~*~tactically~*~*~ (stealth).
   721 | D:2      | 721 ||| Stepping ~*~*~tactically~*~*~ (hiding).
   728 | D:2      | Killed Robin
   733 | D:2      | Reached XP level 4. HP: 26/28 MP: 4/4
   882 | D:2      | Reached skill level 1 in Throwing
  1045 | D:2      | 1045 ||| Stepping ~*~*~tactically~*~*~ (hiding).
  1278 | D:2      | 1278 ||| UPGRADING to +8 chain mail "Xoilob" {Regen+}.
  1288 | D:2      | 1288 ||| DROPPING +0 scale mail.
  1289 | D:2      | 1289 ||| UPGRADING to +0 helmet.
  1294 | D:2      | 1294 ||| READING scroll labelled FAF QOZASOONWE.
  1295 | D:2      | 1295 ||| READING 2 scrolls labelled XIUWEU ZOPO.
  1296 | D:2      | 1296 ||| DRINKING 2 pink potions.
  1319 | D:3      | 1319 ||| DROPPING +0 club.
  1378 | D:3      | 1378 ||| Stepping ~*~*~tactically~*~*~ (stealth).
  1383 | D:3      | 1383 ||| Stepping ~*~*~tactically~*~*~ (stealth).
  1393 | D:3      | Reached skill level 4 in Axes
  1416 | D:3      | Reached XP level 5. HP: 32/32 MP: 5/5
  1602 | D:3      | 1602 ||| READING scroll of enchant armour.
  1602 | D:3      | 1602 ||| ENCHANTING +0 helmet.
  1630 | D:3      | 1630 ||| Stepping ~*~*~tactically~*~*~ (stealth).
  1776 | D:3      | Found a faded altar of an unknown god.
  1924 | D:3      | 1924 ||| READING scroll labelled VAETIMOKKA.
  1927 | D:3      | 1927 ||| READING 3 scrolls of identify.
  1927 | D:3      | 1927 ||| IDENTIFYING glowing puce potion
  1928 | D:3      | 1928 ||| READING 2 scrolls of identify.
  1928 | D:3      | 1928 ||| IDENTIFYING fuming sapphire potion
  1929 | D:3      | 1929 ||| DROPPING potion of flight.
  1939 | D:4      | Noticed Menkaure
  1945 | D:4      | Killed Menkaure
  1946 | D:4      | Reached skill level 5 in Axes
  1946 | D:4      | Reached XP level 6. HP: 34/37 MP: 6/6
  1954 | D:4      | 1954 ||| Stepping ~*~*~tactically~*~*~ (stealth).
  2031 | D:4      | 2031 ||| Stepping ~*~*~tactically~*~*~ (stealth).
  2036 | D:4      | 2036 ||| Stepping ~*~*~tactically~*~*~ (hiding).
  2037 | D:4      | 2037 ||| Stepping ~*~*~tactically~*~*~ (hiding).
  2051 | D:4      | Reached skill level 6 in Axes
  2060 | D:4      | Reached XP level 7. HP: 30/43 MP: 7/7
  2201 | D:4      | Reached skill level 1 in Dodging
  2216 | D:4      | 2216 ||| FLEEEEING.
  2232 | D:4      | 2232 ||| DRINKING 3 potions of curing.
  2232 | D:4      | 2232 ||| (to cure confusion)
  2580 | D:4      | Found Fereydun's Dragon-Slaying Spoils.
  2594 | D:4      | 2594 ||| SHOPLISTING +0 acid dragon scales (400 gold, have
                  | 180).
  2594 | D:4      | 2594 ||| SHOPLISTING +0 gold dragon scales (800 gold, have
                  | 180).
  2594 | D:4      | 2594 ||| SHOPLISTING +2 ice dragon scales (720 gold, have
                  | 180).
  2755 | D:4      | 2755 ||| UPGRADING to +0 pair of boots.
  2760 | D:4      | 2760 ||| READING scroll labelled XIUTTA JERHEI.
  2761 | D:4      | 2761 ||| READING scroll labelled XUCICU HIUGH.
  2762 | D:4      | 2762 ||| READING scroll labelled NYOCIR ONOMAU.
  2763 | D:4      | 2763 ||| DRINKING 3 inky potions.
  2769 | D:5      | Entered Level 5 of the Dungeon
  2816 | D:5      | Reached skill level 7 in Axes
  2833 | D:5      | Found a staircase to the Ecumenical Temple.
  2864 | D:5      | Reached XP level 8. HP: 48/49 MP: 8/8
  2895 | D:5      | Noticed a hornet
  2895 | D:5      | Noticed a troll
  2911 | D:5      | 2911 ||| Stepping ~*~*~tactically~*~*~ (hiding).
  3002 | D:5      | 3002 ||| STAIRDANCE
  3131 | D:5      | 3131 ||| Stepping ~*~*~tactically~*~*~ (hiding).
  3138 | D:5      | 3138 ||| Stepping ~*~*~tactically~*~*~ (hiding).
  3159 | D:5      | 3159 ||| Stepping ~*~*~tactically~*~*~ (stealth).
  3447 | D:5      | 3447 ||| UPGRADING to +4 ring of protection.
  3500 | D:6      | 3500 ||| STAIRDANCE
  3537 | D:6      | Reached skill level 8 in Axes
  3559 | D:6      | 3559 ||| DROPPING +0 whip.
  3668 | D:6      | 3668 ||| FLEEEEING.
  3670 | D:6      | 3670 ||| STAIRDANCE
  3672 | D:5      | 3672 ||| UPGRADING to +0 kite shield.
  3682 | D:5      | 3682 ||| DROPPING +0 buckler.
  3683 | D:5      | 3683 ||| READING scroll labelled OFEUFU KINYA.
  3688 | D:6      | 3688 ||| STAIRDANCE
  3703 | D:6      | 3703 ||| Stepping ~*~*~tactically~*~*~ (stealth).
  3704 | D:6      | 3704 ||| Stepping ~*~*~tactically~*~*~ (stealth).
  3931 | D:6      | 3931 ||| Stepping ~*~*~tactically~*~*~ (stealth).
  3932 | D:6      | 3932 ||| Stepping ~*~*~tactically~*~*~ (stealth).
  4026 | D:6      | 4026 ||| READING scroll labelled XAT QU RICREPP.
  4027 | D:6      | 4027 ||| READING scroll labelled KIRUOB ZALUW.
  4169 | D:7      | Reached skill level 6 in Shields
  4194 | D:7      | Reached XP level 9. HP: 38/54 MP: 9/9
  4344 | D:7      | Noticed Maggie
  4373 | D:7      | Killed Maggie
  4374 | D:7      | Reached skill level 6 in Fighting
  4385 | D:7      | 4385 ||| DROPPING +1 flail of draining.
  4473 | D:7      | 4473 ||| Stepping ~*~*~tactically~*~*~ (hiding).
  4655 | D:7      | Found an ancient bone altar of Kikubaaqudgha.
  5151 | D:7      | 5151 ||| DRINKING 2 bubbling inky potions.
  5252 | D:7      | 5252 ||| READING 3 scrolls of identify.
  5252 | D:7      | 5252 ||| IDENTIFYING amethyst potion
  5253 | D:7      | 5253 ||| DROPPING potion of ambrosia.
  5254 | D:7      | 5254 ||| DROPPING potion of brilliance.
  5304 | D:8      | 5304 ||| Stepping ~*~*~tactically~*~*~ (stealth).
  5370 | D:8      | 5370 ||| Stepping ~*~*~tactically~*~*~ (stealth).
  5372 | D:8      | 5372 ||| Stepping ~*~*~tactically~*~*~ (stealth).
  5411 | D:8      | 5411 ||| Stepping ~*~*~tactically~*~*~ (hiding).
  5486 | D:8      | Found an opulent altar of Gozag.
  5540 | D:8      | Reached skill level 9 in Axes
  5573 | D:8      | 5573 ||| Stepping ~*~*~tactically~*~*~ (hiding).
  5574 | D:8      | 5574 ||| Stepping ~*~*~tactically~*~*~ (hiding).
  5574 | D:8      | Noticed qw's ghost (novice GrFi)
  5577 | D:8      | Found a shimmering blue altar of Sif Muna.
  5599 | D:8      | Noticed a troll
  5614 | D:8      | Killed a troll
  5615 | D:8      | Reached XP level 10. HP: 54/63 MP: 10/10
  5635 | D:8      | Found a bloodstained altar of Trog.
  5774 | D:8      | 5774 ||| Stepping ~*~*~tactically~*~*~ (hiding).
  5950 | D:8      | Found a burning altar of Makhleb.
  5951 | D:8      | Found a radiant altar of Vehumet.
  6262 | D:8      | Found a runed translucent gate.
  6262 | D:8      | Found a runed translucent gate.
  6262 | D:8      | Found a runed translucent gate.
  6376 | D:8      | Reached skill level 9 in Shields
  6383 | D:8      | 6383 ||| Stepping ~*~*~tactically~*~*~ (stealth).
  6394 | D:8      | 6394 ||| Stepping ~*~*~tactically~*~*~ (stealth).
  6413 | D:8      | 6413 ||| FLEEEEING.
  6414 | D:8      | 6414 ||| FLEEEEING.
  6626 | D:8      | 6626 ||| READING scroll labelled NIMEIPS RANN.
  6679 | D:9      | Found a hide-covered altar of Uskayaw.
  6796 | D:9      | Noticed a two-headed ogre
  6804 | D:9      | Killed a two-headed ogre
  6805 | D:9      | Reached skill level 10 in Axes
  6942 | D:9      | 6942 ||| Stepping ~*~*~tactically~*~*~ (hiding).
  6951 | D:9      | 6951 ||| Stepping ~*~*~tactically~*~*~ (stealth).
  7244 | D:9      | Found an iron altar of Okawaru.
  7245 | D:9      | 7245 ||| PLANNING OKAWARU WORSHIP
  7245 | D:9      | 7245 ||| UPGRADING to amulet of guardian spirit.
  7250 | D:9      | 7250 ||| READING 3 scrolls of identify.
  7250 | D:9      | 7250 ||| IDENTIFYING fuming red potion
  7251 | D:9      | 7251 ||| DROPPING potion of degeneration.
  7256 | D:9      | Became a worshipper of Warmaster Okawaru
  7257 | D:9      | 7257 ||| PLANNING D:1-11
  7257 | D:9      | 7257 ||| REMOVING amulet of guardian spirit.
  7267 | D:9      | 7267 ||| DROPPING amulet of guardian spirit.
  7284 | D:10     | Entered Level 10 of the Dungeon
  7431 | D:10     | Noticed a two-headed ogre
  7433 | D:10     | Noticed a deep troll
  7434 | D:10     | Noticed qw's ghost (journeyman GrFi)
  7436 | D:10     | Found a bloodstained altar of Trog.
  7448 | D:10     | Found a transporter.
  7448 | D:10     | Noticed a moth of wrath
  7463 | D:10     | 7463 ||| Stepping ~*~*~tactically~*~*~ (stealth).
  7486 | D:10     | Slain by a shadow

Levels and vault maps discovered:
D:1:      ldierk_water_garden, layout_rooms
D:2:      layout_loops_cross, serial_shops, nicolae_shop_stone, minivault_26,
          feat_on_display, uniq_robin
D:3:      layout_basic, shapermc_ecumenical_altar_mp_vishouse
D:4:      layout_loops_ring, nicolae_shop_dragon_depot, uniq_menkaure
D:5:      layout_basic, minmay_temple_entry_from_below_a, minmay_statues_item,
          lightli_corner_chamber
D:6:      layout_basic, serial_park_tiny_1, minmay_misc_feat_roman
D:7:      layout_layer_cave, nicolae_kikubaaqudgha_miasma_corner, uniq_maggie
D:8:      layout_basic, grunt_temple_overflow_lords_of_destruction,
          grunt_gozag_statues, nzn_overflow_gifts_of_might_and_magic,
          gammafunk_ghost_icy
D:9:      layout_roguey, eat_drink_and_be_merry_uskayaw,
          hellmonk_okawaru_the_only_friend_you_need, hangedman_decor_points
D:10:     layout_loops_ring, gammafunk_ghost_wrathful_warriors, serial_undead,
          serial_undead_a, serial_undead_e, serial_undead_c, serial_undead_c,
          evilmike_butchery, uniq_erica

Skill      XL: |  1  2  3  4  5  6  7  8  9 10 |
---------------+-------------------------------+-----
Axes           | 2 3 4 5 6 7 8 9 10 | 10.3
Throwing       | 1 2 |  2.4
Fighting       | 4 5 7 8 |  8.0
Dodging        | 1 |  1.1
Armour         | 4 5 |  5.4
Shields        | 6 8 9 |  9.0

Action                   |  1- 3 |  4- 6 |  7- 9 | 10-12 || total
-------------------------+-------+-------+-------+-------++-------
Melee: War axe           |    67 |   120 |   381 |   201 ||   769
Throw: Javelin           |    14 |    28 |    46 |    15 ||   103
       Boomerang         |       |       |       |     6 ||     6
  Use: Scroll            |     3 |     6 |     7 |     2 ||    18
       Potion            |     1 |     1 |     3 |       ||     5
Armor: Scale mail        |    44 |     6 |       |       ||    50
       Chain mail        |       |    61 |   324 |   111 ||   496
Dodge: Dodged            |    34 |    39 |   119 |    62 ||   254
Block: Buckler           |    16 |    29 |    38 |       ||    83
       Kite shield       |       |       |   106 |   108 ||   214

Table legend:
 A = Non-vault XP
 B = Vault XP
 C = Vault XP percentage of total XP
 D = Non-vault monster count
 E = Vault monster count
 F = Vault count percentage of total count
                 A         B        C        D         E       F
            +---------+---------+-------+---------+---------+-------
      Total |    7079 |    1116 |  13.6 |     186 |      15 |   7.5
            +---------+---------+-------+---------+---------+-------
        D:1 |      16 |       0 |   0.0 |       9 |       0 |   0.0
        D:2 |      62 |      33 |  34.7 |      14 |      10 |  41.7
        D:3 |     125 |       0 |   0.0 |      20 |       0 |   0.0
        D:4 |     485 |     165 |  25.4 |      33 |       1 |   2.9
        D:5 |     639 |       0 |   0.0 |      22 |       0 |   0.0
        D:6 |     663 |       0 |   0.0 |      11 |       0 |   0.0
        D:7 |     889 |     376 |  29.7 |      23 |       1 |   4.2
        D:8 |    2396 |     542 |  18.4 |      37 |       3 |   7.5
        D:9 |    1599 |       0 |   0.0 |      16 |       0 |   0.0
       D:10 |     205 |       0 |   0.0 |       1 |       0 |   0.0
            +---------+---------+-------+---------+---------+-------
